 Dungeon Crawl Stone Soup version 0.21-a0-442-g848f44b (webtiles) character file.

196 zeke the Shield-Bearer (level 5, -3/47 HPs)
             Began as a Minotaur Fighter on Nov 13, 2017.
             Slain by a wraith (9 damage)
             ... in an ossuary.
             The game lasted 00:08:35 (2673 turns).

zeke the Shield-Bearer (Minotaur Fighter)           Turns: 2673, Time: 00:08:36

Health: -3/47      AC:  7    Str: 26    XL:     5   Next: 45%
Magic:  4/4        EV:  8    Int:  5    God:
Gold:   172        SH: 10    Dex: 10    Spells: 4/4 levels left

rFire    . . .     SeeInvis .   a - +0 war axe
rCold    . . .     Gourm    .   c - +0 shield
rNeg     . . .     Faith    .   b - +0 scale mail
rPois    .         Spirit   .   (helmet restricted)
rElec    .         Reflect  .   (no cloak)
rCorr    .         Harm     .   (no gloves)
MR       .....                  (no boots)
Stlth    ..........             (no amulet)
HPRegen  0.15/turn              (no ring)
MPRegen  0.09/turn              (no ring)

@: mighty, slowed, very slow
A: retaliatory headbutt, horns 2
a: no special abilities


You were in an ossuary.
You were near starving.

You visited 1 branch of the dungeon, and saw 4 of its levels.
You also visited: Ossuary.

You collected 172 gold pieces.

Inventory:

Hand Weapons
 a - a +0 war axe (weapon)
Armour
 b - a +0 scale mail (worn)
 c - a +0 shield (worn)
Jewellery
 r - an uncursed ring of stealth {unknown}
 t - an uncursed ring of protection from magic {unknown}
 u - an uncursed ring of flight {unknown}
Scrolls
 e - 3 scrolls of amnesia {unknown}
 g - 2 scrolls of remove curse {unknown}
 h - 6 scrolls of identify
 j - a scroll of teleportation
 k - a scroll of immolation
 o - 3 scrolls of random uselessness
 q - 3 scrolls of magic mapping
 w - a scroll of enchant weapon
 y - a scroll of recharging {unknown}
Potions
 d - a potion of might
 i - a potion of heal wounds {unknown}
 l - 2 potions of ambrosia {unknown}
 n - a potion of mutation {unknown}
 p - a potion of agility {unknown}
 x - 3 potions of curing {unknown}
 z - a potion of degeneration {unknown}
Comestibles
 f - 3 bread rations
 m - 4 meat rations
 s - 2 royal jellies
 v - 3 fruits


   Skills:
 + Level 4.7 Fighting
 + Level 4.0 Axes
 + Level 4.3 Armour
 + Level 0.9 Dodging
 + Level 5.3 Shields


You had 4 spell levels left.
You didn't know any spells.

Dungeon Overview and Level Annotations

Branches:
Dungeon (4/15)             Temple (0/1) D:4

Altars:
Hepliaklqana
Nemelex Xobeh
Wu Jian
Yredelemnul


Innate Abilities, Weirdness & Mutations

You reflexively headbutt those who attack you in melee.
You have a pair of horns on your head.


Message History

You hit the wraith.
You headbutt the wraith, but do no damage.
The wraith is heavily damaged.
You block the wraith's attack. The wraith hits you but does no damage.
You hit the wraith. Your headbutt misses the wraith.
The wraith is severely damaged.
The wraith barely misses you. The wraith hits you.
* * * LOW HITPOINT WARNING * * *
The wraith drains your vigour!
You feel as though you will be slow longer.
Your shield prevents you from hitting the wraith.
The wraith is severely damaged.
You block the wraith's attack. The wraith hits you.
* * * LOW HITPOINT WARNING * * *
The wraith drains your vigour!
You feel as though you will be slow longer.
You slash the wraith! You headbutt the wraith.
The wraith is almost destroyed.
The wraith hits you!
You die...

##.....## ##...##
#############'''#####
#....................
#....................
#..###..###..###..###
#..#?#..# #..# #..#.#
#..#W#..#+#..#+#..#'#
#..#@#..#.#..#.#..#.#
#....................
#...^................
#..####......###.....
#..# +...8...# #...8.
#..####......#+#.....
#............#.#.....
#....................
#..####.####^....####


You could see a wraith.

Vanquished Creatures
  An orc priest (D:4)
  A worker ant (D:4)
  A mummy (Ossuary)
  4 adders
  3 oozes (D:1)
  2 worms
  A leopard gecko (D:3)
  5 orcs
  A ball python (D:1)
  2 giant cockroaches (D:1)
  A gnoll zombie (Ossuary)
  6 goblins
  A hobgoblin (D:1)
  13 jackals
  11 kobolds
  5 bats
  2 frilled lizards
  6 goblin zombies
  A jackal zombie (D:4)
  4 kobold zombies (Ossuary)
  3 rats (D:1)
74 creatures vanquished.

Notes
Turn   | Place    | Note
-------+----------+-------------------------------------------
     0 | D:1      | zeke the Minotaur Fighter began the quest for the Orb.
     0 | D:1      | Reached XP level 1. HP: 19/19 MP: 0/0
   225 | D:1      | Reached XP level 2. HP: 27/27 MP: 1/1
   290 | D:1      | Found a sparkling altar of Nemelex Xobeh.
   436 | D:1      | Reached skill level 4 in Shields
   794 | D:1      | Reached XP level 3. HP: 28/33 MP: 2/2
  1586 | D:3      | Reached XP level 4. HP: 41/41 MP: 3/3
  1969 | D:3      | Found a hazy altar of Hepliaklqana.
  1974 | D:3      | Found an ornate altar of the Wu Jian Council.
  2343 | D:4      | Reached skill level 5 in Shields
  2344 | D:4      | Reached XP level 5. HP: 30/47 MP: 4/4
  2358 | D:4      | Found a basalt altar of Yredelemnul.
  2371 | D:4      | Found a sand-covered staircase.
  2387 | Ossuary  | Entered an ossuary
  2387 | Ossuary  | Noticed a wraith
  2387 | Ossuary  | Noticed a wraith
  2387 | Ossuary  | Noticed a wraith
  2662 | Ossuary  | Noticed a wraith
  2673 | Ossuary  | Slain by a wraith

Vault maps used:
D:1:      dpeg_arrival_solitude, nemelex_diamond_rough_becter
D:2:      first_bread, serial_bayou_ford_a, columned_hall_lemuel
D:3:      minitemple, bh_walls_and_bars
D:4:      kennysheep_six_static_rooms, okawaru_trees_1,
          minmay_temple_entry_glassed_door, enter_ossuary_3,
          minmay_misc_feat_pillars, yredelemnul_altar_generic
Ossuary:  ossuary_kennysheep_city_of_the_dead

Skill      XL: |  1  2  3  4  5 |
---------------+----------------+-----
Armour         | 4 |  4.3
Fighting       | 4 |  4.7
Shields        | 4 5 |  5.3
Axes           | 3 4 |  4.0
Dodging        | |  0.9

Action                   |  1- 3 |  4- 6 || total
-------------------------+-------+-------++-------
Melee: War axe           |    75 |    81 ||   156
       Headbutt          |    10 |    20 ||    30
  Use: Scroll            |       |     5 ||     5
       Potion            |       |     1 ||     1
  Eat: Chunk             |     2 |     2 ||     4
Armor: Scale mail        |    45 |    56 ||   101
Dodge: Dodged            |    36 |    30 ||    66
Block: Shield            |    48 |    65 ||   113

Table legend:
 A = Spawn XP
 B = Non-spawn XP
 C = Spawn XP percentage of total XP
 D = Spawn monster count
 E = Non-spawn monster count
 F = Spawn count percentage of total count
 G = Total turns spent on level
                    A         B        C        D         E        F      G
               +---------+---------+-------+---------+---------+-------+---------
         Total |       0 |     280 |   0.0 |       0 |      74 |   0.0 |  2673
               +---------+---------+-------+---------+---------+-------+---------
           D:1 |       0 |      55 |   0.0 |       0 |      25 |   0.0 |   978
           D:2 |       0 |      33 |   0.0 |       0 |      10 |   0.0 |   554
           D:3 |       0 |      73 |   0.0 |       0 |      18 |   0.0 |   729
           D:4 |       0 |      92 |   0.0 |       0 |      10 |   0.0 |   126
       Ossuary |       0 |      27 |   0.0 |       0 |      11 |   0.0 |   286
               +---------+---------+-------+---------+---------+-------+---------
